Map: Zen LE

Players

LiquidTaeJa (TaeJa) - Winner!

  • Race: Terran Terran
  • League: Grandmaster
  • Spawn Location: 1:00

Toodming

  • Race: Zerg Zerg
  • League: Master
  • Spawn Location: 7:00

VOD

Have the link to the VOD?

Description

Time

  • Played on: Jan. 8, 2020, 6 a.m.
  • Length: 11:22
Show
View Real Time Build Order
Export as new Build Order

LiquidTaeJa Terran - Winner!

Build Orders: Reaper Expand 

Get SALT Encoding   

  12  0:00  SCV  
  13  0:12  SCV  
  14  0:17  Supply Depot  
  14  0:25  SCV  
  15  0:38  SCV  
  15  0:40  Barracks  
  16  0:44  Refinery  
  16  0:50  SCV  
  17  1:02  SCV  
  18  1:14  SCV  
  19  1:26  Reaper, Orbital Command  
  20  1:40  Command Center  
  20  1:50  Supply Depot  
  20  1:52  SCV  
  21  1:58  Marine  
  22  2:04  SCV  
  22  2:08  Factory  
  23  2:15  Refinery  
  23  2:16  SCV  
  23  2:21  Barracks Reactor  
  23  2:34  SCV  
  24  2:46  SCV  
  25  2:52  Starport, Orbital Command  
  25  2:58  SCV  
  25  3:03  Marine, Hellion x2  
  31  3:10  SCV  
  32  3:20  SCV  
  32  3:23  SCV  
  32  3:26  Hellion  
  32  3:27  Hellion  
  38  3:30  Fusion Core  
  38  3:32  SCV  
  38  3:33  Starport Tech Lab  
  39  3:35  SCV  
  40  3:43  Supply Depot  
  40  3:44  SCV  
  40  3:47  SCV  
  42  3:56  SCV  
  42  3:58  Bunker  
  42  3:59  SCV  
  42  4:02  Supply Depot, Factory Tech Lab  
  44  4:15  SCV x2  
  46  4:18  Marine x2  
  46  4:21  Battlecruiser  
  54  4:26  Supply Depot  
  54  4:27  SCV x2  
  56  4:36  Marine x2  
  58  4:39  SCV x2  
  60  4:48  Supply Depot, Siege Tank  
  63  4:55  Command Center, SCV x2  
  63  4:59  Marine x2  
  68  5:07  SCV x2  
  68  5:09  Barracks  
  68  5:12  Barracks  
  69  5:14  Supply Depot  
  69  5:19  SCV x2  
  71  5:22  Refinery  
  71  5:23  Refinery  
  71  5:24  Siege Tank  
  74  5:31  SCV x2, Starport Reactor  
  74  5:33  Marine  
  77  5:36  Engineering Bay  
  77  5:37  Supply Depot, Engineering Bay  
  77  5:39  Stimpack  
  77  5:49  SCV x2  
  76  5:55  Marine  
  70  6:01  SCV x2  
  68  6:05  Missile Turret  
  68  6:06  Orbital Command  
  68  6:07  Missile Turret  
  68  6:09  Missile Turret  
  68  6:10  Missile Turret  
  68  6:11  Marine x3  
  52  6:46  Marine  
  47  6:55  Marine x2  
  31  7:30  SCV  
  31  7:32  SCV  
  31  7:36  Missile Turret  
  33  7:39  Marine  
  33  7:43  SCV x2  
  35  7:50  Marine x2  
  23  8:05  SCV  
  20  8:08  SCV  
  21  8:13  Marine  
  21  8:15  SCV  
  23  8:21  SCV  
  23  8:25  Marine  
  25  8:27  Marine  
  26  8:35  SCV  
  26  8:36  SCV x2  
  26  8:48  SCV x3  
  28  8:52  Marine x2  
  30  8:57  Marine  
  30  9:00  SCV x2  
  33  9:04  Siege Tank  
  33  9:06  SCV  
  37  9:11  Marine  
  37  9:12  SCV x2, Marine  
  37  9:16  Starport Reactor  
  41  9:18  Marine, SCV  
  41  9:19  Marine  
  44  9:24  SCV x2  
  44  9:27  Combat Shield  
  44  9:30  SCV  
  47  9:36  Marine x2  
  47  9:37  SCV x2  
  51  9:40  Marine x2  
  51  9:43  SCV  
  54  9:47  Marine  
  54  9:49  SCV  
  56  9:54  Medivac, Marine  
  56  9:59  Marine x2  
  61  10:05  SCV x2  
  63  10:10  Bunker, SCV  
  64  10:16  Marine  
  64  10:17  SCV x2, Marine x3  
  70  10:22  SCV  
  71  10:29  SCV x2  
  71  10:31  Supply Depot  
  71  10:34  SCV  
  72  10:41  SCV x2  
  72  10:42  Marine x2  
  71  10:46  SCV  
  71  10:51  Medivac x2  
  71  10:52  Marine x3  
  71  10:53  SCV x2  
  77  10:58  SCV  
  77  10:59  Marine  
  77  11:03  Marine  
Show
View Real Time Build Order
Export as new Build Order

Toodming Zerg 

Build Orders: Hatch First 

Get SALT Encoding   

  12  0:01  Drone  
  13  0:12  Overlord  
  13  0:16  Drone  
  14  0:31  Drone x2  
  16  0:49  Hatchery  
  15  0:52  Drone  
  15  0:56  Drone  
  17  1:00  Drone  
  18  1:09  Extractor  
  17  1:14  Spawning Pool  
  17  1:16  Drone  
  17  1:20  Drone  
  18  1:29  Drone  
  19  1:43  Drone  
  20  1:50  Drone  
  21  2:01  Queen x2  
  21  2:02  Zergling x4  
  27  2:15  Overlord  
  27  2:16  Drone  
  28  2:27  Hatchery  
  26  2:37  Queen  
  26  2:43  Lair  
  28  2:46  Drone  
  28  2:48  Drone  
  30  2:55  Drone x2  
  30  2:56  Drone  
  33  3:00  Extractor  
  32  3:06  Drone, Overlord  
  32  3:10  Drone  
  32  3:12  Drone  
  35  3:25  Roach Warren  
  34  3:33  Spore Crawler  
  32  3:37  Drone x4  
  36  3:42  Drone x2  
  36  3:45  Spire  
  39  3:49  Drone x2  
  41  3:56  Drone, Extractor  
  41  3:57  Extractor  
  41  3:58  Drone x2  
  41  4:02  Drone  
  40  4:12  Zergling x2  
  36  4:28  Drone x4  
  40  4:39  Overlord  
  40  4:52  Overlord  
  40  4:57  Mutalisk x5  
  50  5:01  Mutalisk  
  50  5:07  Mutalisk  
  52  5:12  Drone x2  
  56  5:20  Mutalisk  
  58  5:27  Mutalisk  
  60  5:28  Overlord  
  60  5:34  Zergling x4  
  57  5:55  Spore Crawler  
  57  5:56  Spore Crawler  
  51  6:03  Mutalisk x2  
  52  6:12  Drone x2  
  52  6:13  Extractor  
  53  6:32  Queen x2  
  58  6:40  Drone  
  56  7:06  Queen  
  56  7:08  Queen x2  
  59  7:27  Drone x3  
  59  7:28  Drone x3  
  65  7:32  Extractor  
  64  7:44  Queen  
  55  7:54  Drone x10  
  51  8:16  Nydus Network  
  44  8:41  Metabolic Boost  
  44  8:42  Zergling x2  
  44  8:43  Zergling x8  
  47  9:11  Overlord  
  47  9:13  Overseer  
  47  9:16  Nydus Canal  
  47  9:20  Zergling x16  
  55  9:25  Baneling Nest  
  54  9:38  Nydus Canal  
  54  9:57  Zergling x2  
  54  9:58  Zergling x8  
  54  9:59  Zergling x6  
  62  10:11  Spore Crawler  
  62  10:12  Zergling x2  
  62  10:14  Baneling  
  62  10:15  Baneling x7  
  58  10:45  Zergling x12  
  58  10:46  Zergling x2  
  58  10:47  Baneling  
  58  10:48  Baneling x6  
  60  10:57  Overlord  
Tags
 
Add a new tag
Caveats
  • Supply blocks, unpowered buildings, or Contaminate may cause inaccurate times.
  • Supply counts are checked every 10 seconds.